 Dungeon Crawl Stone Soup version 0.26-a0-1107-g6118521029 (webtiles) character file.

Game seed: 15250745990468244859

8018 dickylongcocking the Transmogrifier (level 11, -3/50 HPs)
             Began as a Felid Venom Mage on Dec 16, 2020.
             Was a High Priest of Makhleb.
             Slain by a sun demon (13 damage)
             ... on level 2 of the Orcish Mines.
             The game lasted 00:28:56 (20832 turns).

dickylongcocking the Transmogrifier (FeVM)         Turns: 20832, Time: 00:28:57

Health: -3/50      AC:  2    Str:  4    XL:     11   Next: 4%
Magic:  16/22      EV: 25    Int: 23    God:    Makhleb [*****.]
Gold:   1331       SH:  0    Dex: 15    Spells: 11/23 levels left
                                        Lives:  0   Deaths: 2

rFire    . . .     SeeInvis +   (weapon unavailable)
rCold    + . .     Faith    +   (shield unavailable)
rNeg     . . .     Spirit   .   (armour unavailable)
rPois    +         Reflect  .   (helmet unavailable)
rElec    .         Harm     .   (cloak unavailable)
rCorr    .         Rampage  .   (gloves unavailable)
Will     +....                  (boots unavailable)
Stlth    +++++.....             q - amulet of faith
HPRegen  0.16/turn              f - ring of poison resistance
MPRegen  0.18/turn              x - ring "Qety" {+Blink +Inv rC+ Int+4 Dex-3}

@: hasted, very quick
A: very small, no armour, no weapons or thrown items, stealth, claws 1, fangs 3,
see invisible, speed 1, shaggy fur 2, sharp paws
a: Minor Destruction, Lesser Servant of Makhleb, Major Destruction, Greater
Servant of Makhleb, Renounce Religion, Evoke Blink, Evoke Invisibility


You were on level 2 of the Orcish Mines.
You worshipped Makhleb.
Makhleb was extremely pleased with you.
You visited 3 branches of the dungeon, and saw 15 of its levels.
You also visited: Sewer and Bailey.

You collected 1331 gold pieces.

Inventory:

Jewellery
 a - an uncursed amulet of guardian spirit
 f - a ring of poison resistance (left paw)
 j - an uncursed amulet of magic regeneration
 q - an amulet of faith (around neck)
 x - the ring "Qety" (right paw) {+Blink +Inv rC+ Int+4 Dex-3}
   (You found it on level 7 of the Dungeon)

   [ring of protection from cold]

   It affects your intelligence (+4).
   It affects your dexterity (-3).
   It protects you from cold.
   It lets you turn invisible.
   It lets you blink.
Wands
 c - a wand of flame (37)
 H - a wand of random effects (18)
 I - a wand of iceblast (4)
Scrolls
 b - 6 scrolls of teleportation
 d - 7 scrolls of remove curse
 e - 10 scrolls of amnesia
 h - 2 scrolls of fear
 k - a scroll of noise
 z - 2 scrolls of immolation {unknown}
 B - a scroll of summoning {unknown}
 E - 2 scrolls of blinking {unknown}
 F - a scroll of fog {unknown}
 G - 3 scrolls of magic mapping
Potions
 g - 5 potions of might {unknown}
 i - a potion of attraction
 n - 3 potions of resistance
 p - 2 potions of flight
 r - a potion of magic
 t - 6 potions of curing
 v - a potion of mutation {unknown}
 C - 2 potions of ambrosia {unknown}
 D - 2 potions of degeneration {unknown}
Miscellaneous
 u - a phantom mirror (inert)
 y - a phial of floods (inert)


   Skills:
 * Level 7.4 Fighting
 * Level 10.1 Dodging
 * Level 9.1 Stealth
 + Level 6.8 Spellcasting
 - Level 3.0 Conjurations
 * Level 11.0 Transmutations
 * Level 9.7 Poison Magic
 * Level 5.3 Evocations


You had 11 spell levels left.
You knew the following spells:

 Your Spells              Type           Power        Failure   Level
a - Sting                 Tmut/Pois      ####         1%          1
b - Apportation           Tloc           #.....       8%          1
d - Olgreb's Toxic Radia  Pois           ######..     1%          4
i - Ignite Poison         Fire/Tmut/Pois #####...     1%          3
x - Mephitic Cloud        Conj/Pois/Air  ####....     4%          3

Your spell library contained the following spells:

 Spells                   Type           Power        Failure   Level
 Poisonous Vapours        Pois/Air       ####..       1%          2
 Magic Dart               Conj           ###.         2%          1
 Searing Ray              Conj           ###...       3%          2
 Animate Skeleton         Necr           #.....       8%          1
 Corona                   Hex            #......      8%          1
 Summon Small Mammal      Summ           #...         8%          1
 Blink                    Tloc           N/A          12%         2
 Call Imp                 Summ           #.......     12%         2
 Slow                     Hex            #.......     12%         2
 Conjure Flame            Conj/Fire      ##......     13%         3
 Dazzling Flash           Conj/Hex       ##....       13%         3
 Call Canine Familiar     Summ           #.......     24%         3
 Summon Guardian Golem    Hex/Summ       #.......     24%         3
 Fulminant Prism          Conj/Hex       ##........   38%         4
 Iskenderun's Mystic Bla  Conj/Tloc      ##......     38%         4
 Summon Ice Beast         Ice/Summ       #.......     61%         4
 Summon Lightning Spire   Summ/Air       #.......     61%         4


Dungeon Overview and Level Annotations

Branches:
Dungeon (12/15)            Temple (1/1) D:6            Lair (0/6) D:11
    Orc (2/2) D:9           Sewer (visited)          Bailey (visited)
    Elf: Orc:2

Altars:
Ashenzari
Cheibriados
Dithmenos
Elyvilon
Fedhas
Gozag
Hepliaklqana
Kikubaaqudgha
Makhleb
Nemelex Xobeh
Okawaru
Qazlal
Ru
Sif Muna
Trog
Uskayaw
Vehumet
Wu Jian
Xom
Yredelemnul
Zin
The Shining One
Beogh

Shops:
Orc:2 ?!


Innate Abilities, Weirdness & Mutations

You cannot wear armour.
You are incapable of wielding weapons or throwing items.
Your paws allow you to move quietly. (Stealth)
You have sharp claws.
You have razor-sharp teeth.
You have supernaturally acute eyesight. (SInv)
You cover ground quickly.
You are covered in thick fur. (AC +2)
Your sharp claws are effective at attacking unaware monsters.


Message History

You hear a shout!
You hear a bellow!
You hear a shout! x2; You hear a bellow!
You hear a shout! x2; You hear a chilling moan.
The sun demon closely misses you.
A ynoxinul comes into view.
You hear a shout! x5
Unknown command.
Evoke which item? (* to show all) (? for menu, Esc to quit)
Aiming: Iceblast
Press: ? - help, Shift-Dir - straight line The mass of ice explodes!
The iceblast engulfs the sun demon!
The sun demon is frozen!
The sun demon is moderately wounded.
You hear a shout! x3
The sun demon hits you!!
You are engulfed in flames!!
* * * LOW HITPOINT WARNING * * *
The ynoxinul gestures.
Unknown command.
Unknown command.
You feel yourself speed up. The sun demon hits you!
You die...

.3#...).###..... ##
....#.∩###......
..))#..[###.......
.#o5[.###........
..[[###..<......
##..###..........
##[.###...........
##3.###............ .##
##.@###............. ...#
##..###.............. ....#
##..###............... .....#
##..###................
......###..###...............#.
.......#.[.##[..........#......
..........[..............#......
........†.......................
..........[..................#.#


You could see a sun demon, an orc priest (poisoned) and an ufetubus (summoned).

Vanquished Creatures
  Snorg (D:10)
  A boulder beetle (D:12)
  A centaur warrior (D:8)
  A two-headed ogre (Orc:1)
  A sixfirhy (Orc:2)
  An unseen horror (D:10)
  Pikel (D:8)
  6 orc knights
  2 trolls
  Prince Ribbit (D:6)
  The ghost of Foxy the Pure, an amateur DsAK of Lugonu (D:5)
  11 yaks
  2 fire bats (Orc:1)
  3 wargs
  Edmund (D:6)
  6 water moccasins
  A hornet zombie (D:9)
  29 orc warriors
  2 sky beasts
  4 ice beasts
  3 black bears
  4 phantoms
  9 ogres
  4 centaurs
  3 lemures (D:8)
  11 big kobolds
  7 bullfrogs
  6 scorpions
  10 killer bees
  6 wights
  9 howler monkeys
  A bullfrog zombie (D:5)
  3 hounds
  5 jellies
  18 orc priests
  2 centaur skeletons
  9 orc wizards
  A bullfrog skeleton (D:6)
  An iguana (D:6)
  6 worker ants
  3 hound zombies
  A mummy (D:6)
  A howler monkey skeleton (D:4)
  2 river rats
  13 adders
  5 gnolls
  2 shadow imps
  3 white imps
  An ufetubus (D:6)
  17 oozes
  An adder skeleton (D:7)
  6 worms
  2 dart slugs
  10 leopard geckos
  86 orcs
  6 giant cockroaches
  18 goblins
  6 hobgoblins
  3 jackals
  4 quokkas
  3 ball pythons
  8 bats
  A frilled lizard (D:2)
  18 kobolds
  2 kobold zombies
  A leopard gecko skeleton (D:8)
  2 orc zombies (D:6)
  A quokka zombie (D:6)
  11 rats
431 creatures vanquished.

Vanquished Creatures (collateral kills)
  An orc warrior (D:9)
  2 wights (D:8)
  2 hobgoblins (D:9)
  A kobold (D:9)
6 creatures vanquished.

Vanquished Creatures (others)
  A wight (D:8)
  42 fungi
  39 plants
  10 toadstools (D:2)
92 creatures vanquished.

Grand Total: 529 creatures vanquished

Notes
Turn   | Place    | Note
-------+----------+-------------------------------------------
     0 | D:1      | dickylongcocking the Felid Venom Mage began the quest for
                  | the Orb.
     0 | D:1      | Reached XP level 1. HP: 7/7 MP: 4/4
    54 | D:1      | Reached XP level 2. HP: 11/11 MP: 0/6
   768 | D:1      | Reached skill level 2 in Transmutations
  1314 | D:2      | Reached XP level 3. HP: 14/14 MP: 3/7
  1739 | D:2      | Found a shadowy altar of Dithmenos.
  2116 | D:2      | You fall into a shaft and drop 2 floors!
  2195 | D:4      | Reached XP level 4. HP: 1/18 MP: 8/8
  2196 | D:4      | Reached skill level 3 in Transmutations
  2617 | D:4      | Learned a level 3 spell: Mephitic Cloud
  2836 | D:4      | Noticed an ice beast
  2891 | D:4      | Killed an ice beast
  2892 | D:4      | Reached XP level 5. HP: 9/21 MP: 10/10
  2896 | D:4      | Learned a level 3 spell: Ignite Poison
  3235 | D:4      | Reached skill level 4 in Transmutations
  3247 | D:4      | Noticed a phantom
  3654 | D:3      | Gained mutation: You are covered in thick fur. (AC +2)
                  | [Felid growth]
  3654 | D:3      | Reached XP level 6. HP: 12/24 MP: 7/11
  4094 | D:3      | Learned a level 4 spell: Olgreb's Toxic Radiance
  4810 | D:2      | Reached skill level 5 in Transmutations
  4821 | D:2      | Reached skill level 5 in Poison Magic
  4826 | D:2      | Reached XP level 7. HP: 25/27 MP: 2/13
  5336 | D:4      | Reached skill level 1 in Conjurations
  5756 | D:4      | Found a blossoming altar of Fedhas.
  5895 | D:5      | Entered Level 5 of the Dungeon
  6325 | D:5      | Found a runed translucent gate.
  6325 | D:5      | Found a runed translucent gate.
  6325 | D:5      | Found a runed translucent gate.
  6325 | D:5      | Identified the +7 dagger "Gexkyu" {venom, rElec Str+9
                  | Int-3}
  6327 | D:5      | Found a roughly hewn altar of Beogh.
  6328 | D:5      | Noticed Foxy's ghost (amateur DsAK)
  6457 | D:5      | Reached skill level 6 in Transmutations
  6457 | D:5      | Reached XP level 8. HP: 16/31 MP: 5/15
  6467 | D:5      | Killed Foxy's ghost
  7173 | D:5      | Reached skill level 7 in Transmutations
  7545 | D:6      | Noticed Prince Ribbit
  7555 | D:6      | Found a glowing drain.
  7557 | D:6      | Killed Prince Ribbit
  7593 | Sewer    | Entered a sewer
  7965 | Sewer    | Reached XP level 9. HP: 34/34 MP: 9/17
  7996 | Sewer    | Reached skill level 1 in Fighting
  8326 | Sewer    | Reached skill level 5 in Spellcasting
  8421 | Sewer    | Reached skill level 8 in Transmutations
  9002 | D:6      | Found a staircase to the Ecumenical Temple.
  9008 | Temple   | Entered the Ecumenical Temple
  9355 | Temple   | Became a worshipper of Makhleb the Destroyer
  9572 | D:6      | Noticed Edmund
  9580 | D:6      | Killed Edmund
  9627 | D:6      | Reached skill level 5 in Dodging
  9992 | D:6      | Found an iron altar of Okawaru.
 10249 | D:7      | Reached * piety under Makhleb
 10434 | D:7      | Reached XP level 10. HP: 24/42 MP: 8/19
 10438 | D:7      | Got a vibrating lapis lazuli ring
 10439 | D:7      | Identified the ring "Qety" {+Blink +Inv rC+ Int+4 Dex-3}
                  | (You found it on level 7 of the Dungeon)
 10737 | D:7      | Found an ornate altar of the Wu Jian Council.
 11382 | D:8      | Found a hide-covered altar of Uskayaw.
 11405 | D:8      | Reached skill level 9 in Transmutations
 11819 | D:8      | Reached ** piety under Makhleb
 12409 | D:8      | Found a basalt altar of Yredelemnul.
 12415 | D:8      | Found a stormy altar of Qazlal.
 12416 | D:8      | Found a sacrificial altar of Ru.
 12417 | D:8      | Found an opulent altar of Gozag.
 12417 | D:8      | Found a bloodstained altar of Trog.
 12417 | D:8      | Found a white marble altar of Elyvilon.
 12706 | D:8      | Noticed a centaur warrior
 12711 | D:8      | Noticed Pikel
 12713 | D:8      | Killed a centaur warrior
 12714 | D:8      | Reached skill level 5 in Fighting
 12714 | D:8      | Reached skill level 5 in Stealth
 12720 | D:8      | Killed Pikel
 13258 | D:9      | Reached *** piety under Makhleb
 13603 | D:9      | Reached XP level 11. HP: 40/48 MP: 2/21
 13744 | D:9      | Reached skill level 1 in Evocations
 14111 | D:9      | Reached skill level 10 in Transmutations
 14135 | D:9      | Learned a level 1 spell: Apportation
 14226 | D:9      | Reached **** piety under Makhleb
 14351 | D:9      | Found a staircase to the Orcish Mines.
 15018 | D:10     | Entered Level 10 of the Dungeon
 15058 | D:10     | Noticed an unseen horror
 15061 | D:10     | Killed an unseen horror
 15608 | D:10     | Noticed Snorg
 15625 | D:10     | Mangled by Snorg
 15626 | D:10     | Reached XP level 10. HP: -9/45 MP: 10/20
 15830 | D:10     | Killed Snorg
 17195 | D:11     | Reached ***** piety under Makhleb
 17196 | D:11     | Reached XP level 11. HP: 49/49 MP: 13/21
 17242 | D:11     | Found a staircase to the Lair.
 17371 | D:12     | Noticed a boulder beetle
 17383 | D:12     | Killed a boulder beetle
 17601 | Orc:1    | Entered Level 1 of the Orcish Mines
 17700 | Orc:1    | Noticed an orc knight
 17722 | Orc:1    | Noticed a two-headed ogre
 17790 | Orc:1    | Found a roughly hewn altar of Beogh.
 18122 | Orc:1    | Found a flagged portal.
 18136 | Bailey   | Entered a bailey
 18136 | Bailey   | Noticed an orc knight
 18136 | Bailey   | Noticed an orc knight
 18143 | Bailey   | Killed an orc knight
 18145 | Bailey   | Killed an orc knight
 18627 | Orc:1    | Killed an orc knight
 18628 | Orc:1    | Killed a two-headed ogre
 19499 | Orc:1    | Found a roughly hewn altar of Beogh.
 19499 | Orc:1    | Noticed an orc knight
 19522 | Orc:1    | Killed an orc knight
 19837 | Orc:2    | Entered Level 2 of the Orcish Mines
 19980 | Orc:2    | Noticed an orc knight
 19986 | Orc:2    | Reached skill level 5 in Evocations
 19986 | Orc:2    | Killed an orc knight
 19987 | Orc:2    | Reached skill level 10 in Dodging
 20143 | Orc:2    | Noticed an orc knight
 20313 | Orc:2    | Killed an orc knight
 20314 | Orc:2    | Reached skill level 11 in Transmutations
 20713 | Orc:2    | Noticed a sixfirhy
 20717 | Orc:2    | Noticed a sun demon
 20730 | Orc:2    | Mangled by a sun demon
 20731 | Orc:2    | Reached XP level 10. HP: -10/47 MP: 15/21
 20744 | Orc:2    | Killed a sixfirhy
 20745 | Orc:2    | Reached XP level 11. HP: 41/50 MP: 22/22
 20823 | Orc:2    | Found Xear's Distillery.
 20825 | Orc:2    | Found Xotiosou's Magic Scroll Shop.
 20832 | Orc:2    | Slain by a sun demon

Illustrated notes

Levels and vault maps discovered:
D:1:      minmay_arrival_radiant_lines, layout_basic, serial_bayou,
          serial_bayou_ford_a, serial_bayou_crossing, serial_bayou_shore_b,
          serial_bayou_pond_d, hangedman_decor_clover_reticule
D:2:      cheibrodos_fertilizer, layout_basic, nicolae_dithmenos_shadow_blocks
D:3:      layout_loops_ring
D:4:      layout_loops_ring, kennysheep_little_box
D:5:      layout_loops_ring, biasface_ghost_orc_armoury
D:6:      cheibrodos_barr_body, layout_loops_ring, okawaru_trees_2,
          minmay_temple_entry_enclosed_plants, portal_sewer_entry_b,
          minmay_mini_ossuary, uniq_edmund, uniq_prince_ribbit1
D:7:      layout_loops_ring, lemuel_crystal_altar
D:8:      layout_basic, kennysheep_mini, grunt_temple_overflow_open,
          nrook_mini_vaults, minmay_liquid_box, minmay_manual_mullet, uniq_pikel
D:9:      layout_cross, erik_orc_3, minmay_misc_feat_more_columns
D:10:     layout_small_grid, uniq_snorg
D:11:     layout_roguey, due_lair_maze_entry_diamond
D:12:     layout_basic, uniq_rupert, uniq_gastronok
Temple:   minmay_temple_forest_path
Orc:1:    nicolae_orc_accident_2, layout_diamond_mine, enter_bailey_5,
          basic_altar, nicolae_orc_damp_corner, nicolae_orc_lava_tube
Orc:2:    pf_orc_diabolical, layout_caves, basic_altar

Skill      XL: |  1  2  3  4  5  6  7  8  9 10 11 |
---------------+----------------------------------+-----
Poison Magic   | 3 4 5 7 9 |  9.7
Transmutations | 2 3 4 5 6 7 8 9 11 | 11.0
Spellcasting   | 3 4 5 6 |  6.8
Conjurations   | 2 3 |  3.0
Dodging        | 3 5 9 10 | 10.1
Fighting       | 3 5 7 |  7.4
Stealth        | 7 9 |  9.1
Evocations     | 3 5 |  5.3

Action                   |  1- 3 |  4- 6 |  7- 9 | 10-12 || total
-------------------------+-------+-------+-------+-------++-------
Melee: Unarmed           |     9 |    42 |    42 |    94 ||   187
       Bite              |       |     4 |     4 |     6 ||    14
 Cast: Sting             |    67 |    72 |    49 |    71 ||   259
       Ignite Poison     |       |     9 |    84 |   134 ||   227
       Olgreb's Toxic Ra |       |     5 |    56 |   113 ||   174
       Mephitic Cloud    |       |     4 |    19 |    21 ||    44
Evoke: Wand              |       |       |     8 |    24 ||    32
       Phial of floods   |       |       |       |     1 ||     1
       Phantom mirror    |       |       |       |     1 ||     1
  Use: Potion            |       |     8 |     2 |     9 ||    19
       Scroll            |       |       |     7 |    11 ||    18
 Stab: Sleeping          |     6 |     2 |     3 |     2 ||    13
       Invisible         |       |     1 |       |       ||     1
       Paralysed         |       |       |       |     1 ||     1
Armor: Skin              |     3 |    11 |    13 |     5 ||    32
Dodge: Dodged            |    24 |    81 |    76 |   246 ||   427

Table legend: (Time is in decaauts)
 A = Elapsed time spent in this place.
 B = Non-inter-level travel time spent in this place.
 C = Inter-level travel time spent in this place.
 D = Time resting spent in this place.
 E = Time spent auto-exploring this place.
 F = Levels seen in this place.
 G = Mean time per level.
                   A        B        C        D        E       F      G
               +--------+--------+--------+--------+--------+-----+--------+
         Total |  19224 |  18782 |    442 |   5173 |  10853 |  17 | 1130.8 |
       Dungeon |  14980 |  14629 |    351 |   3993 |   8536 |  12 | 1248.3 |
        Temple |    296 |    248 |     48 |      0 |    240 |   1 |  296.0 |
  Orcish Mines |   2518 |   2476 |     42 |    881 |   1163 |   2 | 1259.0 |
         Sewer |    971 |    971 |      0 |     28 |    802 |   1 |  971.0 |
        Bailey |    457 |    457 |      0 |    269 |    111 |   1 |  457.0 |
               +--------+--------+--------+--------+--------+-----+--------+

Top non-repeatable levels by time:
     D:8: 2524 daAuts
   Orc:1: 2037 daAuts
     D:4: 1700 daAuts
     D:5: 1483 daAuts
     D:2: 1378 daAuts
     D:6: 1236 daAuts
     D:1: 1201 daAuts
    D:11: 1139 daAuts
     D:3: 1121 daAuts
    D:10: 1040 daAuts
     D:7: 1002 daAuts
     D:9: 986 daAuts
   Sewer: 971 daAuts
   Orc:2: 481 daAuts
  Bailey: 457 daAuts
